AoeStats
← DK_Odysseo

Arabia

509314226Analyzed
1v1 RM · 6d ago on Sep 26, 2026· 59m 53s· 2 players
Game mode
Random Map
Map size
Tiny (2 player)
Population
200
Speed
Normal
Resources
Standard
Victory
Conquest
Starting age
Dark Age
Ending age
Imperial Age
RankedLock teamsTeams togetherTeam positionsShared explorationLock speedFull tech treeHidden civsTurbo modeCheats
Victory
Defeat
🇪🇸 Bulgarians · Spain
1896
+14
🇺🇸 Italians · United States
1857
-14
dylanrobinson54
7:08 Loom
9:15 Feudal Age
10:00 Double-Bit Axe
14:47 Fletching
20:32 Castle Age
20:38 Crossbowman
21:45 Bow Saw
21:50 Bodkin Arrow
23:03 Horse Collar
25:52 Wheelbarrow
29:13 Padded Archer Armor
29:20 Town Watch
30:09 Ballistics
30:13 Leather Archer Armor
33:00 Thumb Ring
36:06 Imperial Age
33:48 Gold Mining
37:56 Chemistry
38:22 Bracer
39:48 Conscription
39:51 Masonry
42:18 Ring Archer Armor
41:58 Thumb Ring
44:11 Scale Barding Armor
44:16 Forging
44:22 Heavy Plow
44:52 Bloodlines
44:42 Husbandry
44:53 Husbandry
45:38 Chain Barding Armor
47:12 Plate Barding Armor
47:05 Forging
47:04 Light Cavalry
49:30 Iron Casting
50:13 Crop Rotation
51:25 Blast Furnace
51:26 Elite Genoese Crossbowman
54:05 Hand Cart
DK_Odysseo
6:32 Loom
8:50 Feudal Age
10:40 Double-Bit Axe
16:10 Padded Archer Armor
16:26 Fletching
22:15 Castle Age
22:48 Scale Barding Armor
22:53 Bodkin Arrow
23:15 Elite Skirmisher
24:08 Bow Saw
24:15 Forging
24:19 Bloodlines
24:09 Husbandry
24:18 Gold Mining
24:11 Horse Collar
29:20 Ballistics
29:55 Leather Archer Armor
31:13 Heavy Plow
32:21 Thumb Ring
37:42 Imperial Age
35:39 Elite Skirmisher
36:26 Gambesons
36:41 Squires
37:16 Light Cavalry
38:40 Bracer
39:16 Forging
39:33 Chain Barding Armor
40:39 Chemistry
40:30 Iron Casting
39:46 Town Watch
40:40 Wheelbarrow
41:07 Plate Barding Armor
40:00 Capped Ram
42:02 Blast Furnace
41:51 Hussar
44:15 Siege Ram
45:46 Conscription
45:23 Stirrups
45:50 Conscription
44:57 Cavalier
46:57 Gold Shaft Mining
50:31 Bagains
49:59 Pikeman
50:26 Arson
50:43 Scale Mail Armor
50:30 Halberdier
52:44 Chain Mail Armor
53:49 Plate Mail Armor
56:04 Murder Holes
Connection lost

Rejoining the realm…

Still unreachable

The connection could not be restored.

Session expired

The server has moved on; the page needs a fresh start.